 Dungeon Crawl Stone Soup version 0.20.1 (webtiles) character file.

19143 protoss039 the Basher (level 12, 0/104 HPs)
             Began as a Demonspawn Monk on July 2, 2017.
             Was a High Priest of Okawaru.
             Slain by a five-headed hydra (9 damage)
             ... on level 12 of the Dungeon.
             The game lasted 00:58:32 (15880 turns).

protoss039 the Basher (Demonspawn Monk)            Turns: 15880, Time: 00:58:32

Health: 0/104      AC: 30    Str: 16    XL:     12   Next: 33%
Magic:  16/16      EV:  9    Int: 11    God:    Okawaru [*****.]
Gold:   1104       SH:  0    Dex: 22    Spells: 11/11 levels left

rFire    . . .     SeeInvis .   V - +1 great mace (drain)
rCold    . . .     Gourm    .   (shield currently unavailable)
rNeg     + . .     Faith    .   m - +5 chain mail of Forking Paths {*Drain rN+ Dex+7}
rPois    +         Spirit   .   H - +1 helmet
rElec    .         Reflect  .   N - +0 cloak
rCorr    .         Harm     .   v - +0 pair of gloves
MR       +....                  (boots unavailable)
Stlth    ++........             (no amulet)
Regen    0.3/turn               o - ring of poison resistance
MPRegen  0.2/turn               (no ring)

@: sanguine armour
A: talons 3, dopey 1, low mp 1, magic resistance 1, nightstalker 2, powered by
pain 1, robust 1, sanguine armour 2
a: Heroism, Finesse, Renounce Religion


You were on level 12 of the Dungeon.
You worshipped Okawaru.
Okawaru was extremely pleased with you.
You were not hungry.

You visited 2 branches of the dungeon, and saw 13 of its levels.
You also visited: Ossuary and Bailey.

You collected 1335 gold pieces.
You spent 231 gold pieces at shops.

Inventory:

Hand Weapons
 x - a +3 flail of protection
 I - a +1 flail of draining
 V - a +1 great mace of draining (weapon)
Armour
 m - the +5 chain mail of Forking Paths (worn) {*Drain rN+ Dex+7}
   (Okawaru gifted it to you on level 8 of the Dungeon)

   It affects your dexterity (+7).
   It protects you from negative energy.
   It causes draining when unequipped.
 v - a +0 pair of gloves (worn)
 w - the +3 plate armour of the Game Afoot {Str+3}
   (You found it on level 8 of the Dungeon)

   It affects your strength (+3).
 G - a +2 buckler
 H - a +1 helmet (worn)
 N - a +0 cloak (worn)
Jewellery
 o - a ring of poison resistance (left hand)
Wands
 q - a wand of confusion (22/48)
 t - a wand of flame (12/48)
 C - a wand of paralysis (13/24)
 F - a wand of acid (5/15)
 U - a wand of clouds (2/9)
Scrolls
 a - 2 scrolls of random uselessness {unknown}
 e - 6 scrolls of teleportation
 f - 2 scrolls of vulnerability {unknown}
 h - 4 scrolls of identify
 j - 2 scrolls of fear {unknown}
 l - 4 scrolls of remove curse
 n - 2 scrolls of fog {unknown}
 p - 3 scrolls of recharging
 r - 3 scrolls of enchant armour {unknown}
 s - 2 scrolls of immolation
 u - 3 scrolls of magic mapping
 y - 2 scrolls of blinking
 O - a scroll of noise {unknown}
 Q - 2 scrolls of amnesia
 W - a scroll of summoning {unknown}
Potions
 g - 2 potions of flight
 k - 2 potions of cancellation
 z - a potion of ambrosia {unknown}
 A - 2 potions of magic {unknown}
 B - 2 potions of haste
 J - 2 potions of mutation {unknown}
 L - a potion of curing
 M - a potion of heal wounds
 T - a potion of degeneration {unknown}
Books
 b - a book of Misfortune

   Spells                             Type                      Level
   a - Confusing Touch                Hexes                        1
   b - Confuse                        Hexes                        3
   c - Gell's Gravitas                Translocation                3
   d - Petrify                        Transmutation/Earth          4
   e - Metabolic Englaciation         Hexes/Ice                    5
   f - Yara's Violent Unravelling     Hexes/Transmutation          5
 i - a book of Geomancy

   Spells                             Type                      Level
   a - Sandblast                      Earth                        1
   b - Passwall                       Transmutation/Earth          2
   c - Stone Arrow                    Conjuration/Earth            3
   d - Petrify                        Transmutation/Earth          4
   e - Lee's Rapid Deconstruction     Earth                        5
 D - a book of Minor Magic

   Spells                             Type                      Level
   a - Magic Dart                     Conjuration                  1
   b - Blink                          Translocation                2
   c - Call Imp                       Summoning                    2
   d - Slow                           Hexes                        2
   e - Conjure Flame                  Conjuration/Fire             3
   f - Mephitic Cloud                 Conjuration/Poison/Air       3
 R - a book of Conjurations

   Spells                             Type                      Level
   a - Magic Dart                     Conjuration                  1
   b - Searing Ray                    Conjuration                  2
   c - Dazzling Spray                 Conjuration/Hexes            3
   d - Fulminant Prism                Conjuration/Hexes            4
   e - Force Lance                    Conjuration/Translocation    4
   f - Iskenderun's Mystic Blast      Conjuration                  4
 S - Kikubaaqudgha's Papyrus of Sinister Rituals
   (You found it on level 11 of the Dungeon)

   Spells                             Type                      Level
   a - Corpse Rot                     Necromancy                   2
   b - Bolt of Draining               Conjuration/Necromancy       5
   c - Dispel Undead                  Necromancy                   5
Comestibles
 c - 9 bread rations
 d - 12 fruits
 E - 5 royal jellies
 K - 6 chunks of flesh
 P - 3 meat rations


   Skills:
 + Level 9.3 Fighting
 * Level 11.9 Maces & Flails
 * Level 9.4 Armour
 - Level 2.6 Dodging
 - Level 2.3 Stealth
 + Level 5.0 Shields
 + Level 8.7 Invocations


You had 11 spell levels left.
You didn't know any spells.

Dungeon Overview and Level Annotations

Branches:
Dungeon (12/15)            Temple (1/1) D:4            Lair (0/6) D:10
    Orc: D:9-12

Altars:
Ashenzari
Cheibriados
Dithmenos
Elyvilon
Fedhas
Gozag
Hepliaklqana
Kikubaaqudgha
Makhleb
Nemelex Xobeh
Okawaru
Qazlal
Ru
Sif Muna
Trog
Uskayaw
Vehumet
Xom
Yredelemnul
Zin
The Shining One

Shops:
D:6 ?

Annotations:
D:3 1 exclusion
D:4 exclusion: oklob plant


Innate Abilities, Weirdness & Mutations

You have claws for feet.
You are significantly more attuned to the shadows.
You sometimes gain a little power by taking damage.
When seriously injured, your bleeding wounds create thick armour. (AC +9)
You are dopey. (Int -2)
Your magical capacity is low. (-10% MP)
You are resistant to hostile enchantments. (MR+)
You are robust. (+10% HP)


Message History

* * * LOW HITPOINT WARNING * * *
The five-headed hydra bites you but does no damage.
Unknown command.
You bludgeon the five-headed hydra!! You claw the five-headed hydra.
The five-headed hydra is almost dead.
The five-headed hydra bites you but does no damage. x5
The five-headed hydra closely misses you.
The five-headed hydra bites you but does no damage. x2
The five-headed hydra barely misses you.
The five-headed hydra bites you but does no damage.
Unknown command.
You barely miss the five-headed hydra. You claw the five-headed hydra.
The five-headed hydra is almost dead.
The five-headed hydra bites you.
* * * LOW HITPOINT WARNING * * *
The five-headed hydra bites you.
* * * LOW HITPOINT WARNING * * *
The five-headed hydra bites you but does no damage.
The five-headed hydra bites you!
You die...

######## .
##......## ..
##........## ...
#..........###....
#...........@DY...
#..........###5...
#..........# ...
#..........# ..
##........#### #
#.............
#...........##
#.....%.....#
#<.........>#


You could see a five-headed hydra, an ice beast and a shadow imp.

Vanquished Creatures
  Erolcha (D:9)
  Fannar (D:10)
  2 hydras
  A centaur warrior (D:9)
  4 two-headed ogres
  The ghost of VajrapaniSR the Grappler, a novice TrMo (D:8)
  An orc knight (Bailey)
  An ugly thing (D:9)
  Maurice (D:10)
  Psyche (D:10)
  A gargoyle (D:11)
  2 rime drakes (D:11)
  2 trolls
  2 hornets
  5 slime creatures (D:12)
  2 hippogriffs (D:11)
  A shadow (D:11)
  A wraith (D:9)
  A yak (D:8)
  A hungry ghost (D:10)
  A human (D:8)
  Grum (D:9)
  3 hogs (D:8)
  Menkaure (D:5)
  Edmund (D:5)
  A soldier ant (D:12)
  2 sky beasts
  3 black bears
  10 orc warriors
  3 phantoms
  5 ice beasts
  3 ogres
  3 centaurs
  5 wolves
  Blork the orc (D:4)
  3 big kobolds
  6 bullfrogs
  3 scorpions
  7 killer bees
  2 howler monkeys
  4 electric eels (D:10)
  3 crimson imps
  2 centaur zombies
  A bullfrog zombie (D:5)
  3 jellies
  8 orc wizards
  10 orc priests
  2 centaur skeletons
  12 hounds
  A bullfrog skeleton (D:4)
  4 iguanas
  15 worker ants
  The ghost of VajrapaniSR the Ruffian, a weakling TrMo (D:3)
  5 big kobold zombies (Ossuary)
  A mummy (Ossuary)
  A hound skeleton (D:6)
  8 gnolls
  15 adders
  2 oozes
  An adder zombie (D:7)
  2 adder skeletons
  3 worms
  4 dart slugs
  5 leopard geckos
  40 orcs
  4 spectral bats (Ossuary)
  9 giant cockroaches
  5 goblins
  4 hobgoblins
  6 jackals
  2 quokkas
  4 ball pythons
  13 bats
  A bat simulacrum (Ossuary)
  6 frilled lizards
  A giant cockroach zombie (D:5)
  5 gnoll zombies (Ossuary)
  3 goblin simulacra (Ossuary)
  A goblin zombie (Ossuary)
  6 hobgoblin zombies (Ossuary)
  14 kobolds
  7 kobold simulacra (Ossuary)
  5 kobold zombies (Ossuary)
  4 orc zombies (Ossuary)
  8 rats
  2 rat simulacra (Ossuary)
  2 spectral goblins (Ossuary)
  2 spectral kobolds (Ossuary)
  A spectral rat (Ossuary)
  A fungus (D:4)
365 creatures vanquished.

Vanquished Creatures (others)
  A leopard gecko (D:6)
  An orc (D:6)
  A spectral bat (Ossuary)
  2 gnoll zombies (Ossuary)
  A goblin zombie (Ossuary)
  A hobgoblin zombie (Ossuary)
  A fungus (D:4)
8 creatures vanquished.

Grand Total: 373 creatures vanquished

Notes
Turn   | Place    | Note
-------+----------+-------------------------------------------
     0 | D:1      | protoss039 the Demonspawn Monk began the quest for the Orb.
     0 | D:1      | Reached XP level 1. HP: 18/18 MP: 1/1
    92 | D:1      | Reached skill level 3 in Maces & Flails
   116 | D:1      | Gained mutation: You are slightly more attuned to the shadows. [demonic ancestry]
   116 | D:1      | Reached XP level 2. HP: 17/24 MP: 2/2
   793 | D:1      | Reached XP level 3. HP: 25/29 MP: 3/3
  1625 | D:2      | Gained mutation: You have sharp toenails. [demonic ancestry]
  1625 | D:2      | Reached XP level 4. HP: 28/35 MP: 4/4
  2000 | D:3      | Reached skill level 4 in Maces & Flails
  2216 | D:3      | Reached skill level 1 in Armour
  2293 | D:3      | Gained mutation: You are significantly more attuned to the shadows. [demonic ancestry]
  2293 | D:3      | Reached XP level 5. HP: 36/42 MP: 5/5
  2951 | D:3      | Noticed VajrapaniSR's ghost (weakling TrMo)
  2961 | D:3      | Killed VajrapaniSR's ghost
  3320 | D:4      | Reached XP level 6. HP: 41/48 MP: 6/6
  3323 | D:4      | Reached skill level 5 in Maces & Flails
  3636 | D:4      | Noticed Blork the orc
  3658 | D:4      | Killed Blork the orc
  4389 | D:4      | Gained mutation: You sometimes gain a little power by taking damage. [demonic ancestry]
  4389 | D:4      | Reached XP level 7. HP: 48/55 MP: 7/7
  4423 | D:4      | Found a stormy altar of Qazlal.
  4483 | D:4      | Found a staircase to the Ecumenical Temple.
  4608 | Temple   | Entered the Ecumenical Temple
  4652 | Temple   | Became a worshipper of Warmaster Okawaru
  4652 | Temple   | Reached * piety under Okawaru
  4652 | Temple   | Reached ** piety under Okawaru
  5028 | D:4      | Found a blossoming altar of Fedhas.
  5043 | D:4      | Noticed an oklob plant
  5275 | D:5      | Entered Level 5 of the Dungeon
  5308 | D:5      | Reached skill level 6 in Maces & Flails
  5386 | D:5      | Found an opulent altar of Gozag.
  5399 | D:5      | Noticed Menkaure
  5406 | D:5      | Killed Menkaure
  5406 | D:5      | Reached skill level 5 in Fighting
  5753 | D:5      | Gained mutation: You have razor-sharp toenails. [demonic ancestry]
  5753 | D:5      | Reached XP level 8. HP: 18/62 MP: 8/8
  5757 | D:5      | Gained mutation: You are dopey. (Int -2) [mutagenic meat]
  5758 | D:5      | Gained mutation: You are resistant to hostile enchantments. (MR+) [mutagenic meat]
  5759 | D:5      | Gained mutation: You are robust. (+10% HP) [mutagenic meat]
  5760 | D:5      | Gained mutation: Your magical capacity is low. (-10% MP) [mutagenic meat]
  6041 | D:5      | Noticed Edmund
  6066 | D:5      | Killed Edmund
  6066 | D:5      | Reached skill level 7 in Maces & Flails
  7235 | D:6      | Found Vekix's Magic Scroll Shoppe.
  7367 | D:6      | Found a sand-covered staircase.
  7374 | Ossuary  | Entered an ossuary
  7915 | D:6      | Found a shimmering altar of Xom.
  7933 | D:6      | Reached skill level 8 in Maces & Flails
  8298 | D:6      | Bought a scroll of teleportation for 42 gold pieces
  8298 | D:6      | Bought 3 scrolls of identify for 84 gold pieces
  8298 | D:6      | Bought a scroll of blinking for 105 gold pieces
  8725 | D:7      | Gained mutation: You have claws for feet. [demonic ancestry]
  8725 | D:7      | Reached XP level 9. HP: 55/78 MP: 8/8
  8733 | D:7      | Reached *** piety under Okawaru
  8804 | D:7      | Reached skill level 5 in Armour
  9038 | D:7      | Found a hide-covered altar of Uskayaw.
  9195 | D:7      | Found a white marble altar of Elyvilon.
  9195 | D:7      | Found a burning altar of Makhleb.
  9196 | D:7      | Found a glowing golden altar of the Shining One.
  9284 | D:7      | Found a shattered altar of Ashenzari.
  9588 | D:7      | Reached skill level 9 in Maces & Flails
 10113 | D:8      | Reached skill level 1 in Invocations
 10145 | D:8      | Reached **** piety under Okawaru
 10206 | D:8      | Found an opulent altar of Gozag.
 10212 | D:8      | Noticed a two-headed ogre
 10233 | D:8      | Noticed VajrapaniSR's ghost (novice TrMo)
 10649 | D:7      | Gained mutation: When seriously injured, your bleeding wounds create armour. (AC +9) [demonic ancestry]
 10649 | D:7      | Reached XP level 10. HP: 88/88 MP: 11/11
 10662 | D:8      | Got a smelly plate armour
 10673 | D:8      | Identified the +3 plate armour of the Game Afoot {Str+3} (You found it on level 8 of the Dungeon)
 10708 | D:8      | Killed a two-headed ogre
 10708 | D:8      | Reached ***** piety under Okawaru
 10708 | D:8      | Received a gift from Okawaru
 10713 | D:8      | Got a scorched chain mail {god gift}
 10725 | D:8      | Identified the +5 chain mail of Forking Paths {*Drain rN+ Dex+7} (Okawaru gifted it to you on level 8 of the Dungeon)
 10845 | D:8      | Noticed a two-headed ogre
 10877 | D:8      | Killed VajrapaniSR's ghost
 10877 | D:8      | Reached skill level 10 in Maces & Flails
 10877 | D:8      | Reached skill level 5 in Invocations
 10884 | D:8      | Killed a two-headed ogre
 10884 | D:8      | Reached skill level 1 in Shields
 11154 | D:8      | Found a sacrificial altar of Ru.
 11162 | D:8      | Found a radiant altar of Vehumet.
 11165 | D:8      | Found an ancient bone altar of Kikubaaqudgha.
 11168 | D:8      | Found a bloodstained altar of Trog.
 11298 | D:9      | Noticed Erolcha
 11315 | D:9      | Killed Erolcha
 11410 | D:9      | Noticed Grum
 11453 | D:9      | Killed Grum
 11585 | D:9      | Found a flagged portal.
 11592 | Bailey   | Entered a bailey
 11595 | Bailey   | Noticed an orc knight
 11611 | Bailey   | Noticed an orc knight
 11634 | Bailey   | Killed an orc knight
 11634 | Bailey   | Reached XP level 11. HP: 39/95 MP: 7/14
 12144 | D:9      | Noticed a two-headed ogre
 12616 | D:9      | Killed a two-headed ogre
 12970 | D:9      | Noticed a four-headed hydra
 12974 | D:9      | Noticed a red ugly thing
 12987 | D:9      | Killed a red ugly thing
 13100 | D:9      | Noticed a centaur warrior
 13114 | D:9      | Killed a centaur warrior
 13231 | D:9      | Reached skill level 11 in Maces & Flails
 13405 | D:9      | Killed a four-headed hydra
 13504 | D:10     | Entered Level 10 of the Dungeon
 13515 | D:10     | Noticed a two-headed ogre
 13532 | D:10     | Killed a two-headed ogre
 13532 | D:10     | Received a gift from Okawaru
 13576 | D:10     | Noticed Maurice
 13610 | D:10     | Killed Maurice
 13710 | D:10     | Found a staircase to the Lair.
 13904 | D:10     | Noticed Psyche
 13925 | D:10     | Killed Psyche
 14232 | D:10     | Noticed Fannar
 14269 | D:10     | Killed Fannar
 14900 | D:11     | Identified Kikubaaqudgha's Papyrus of Sinister Rituals
 15000 | D:11     | Found a labyrinth entrance.
 15254 | D:11     | Gained mutation: When seriously injured, your bleeding wounds create thick armour. (AC +9) [demonic ancestry]
 15254 | D:11     | Reached XP level 12. HP: 104/104 MP: 16/16
 15259 | D:11     | Received a gift from Okawaru
 15557 | D:11     | Noticed a six-headed hydra
 15567 | D:11     | Killed a six-headed hydra
 15850 | D:12     | Reached skill level 5 in Shields
 15871 | D:12     | Noticed a five-headed hydra
 15880 | D:12     | Slain by a five-headed hydra

Skill      XL: |  1  2  3  4  5  6  7  8  9 10 11 12 |
---------------+-------------------------------------+-----
Maces & Flails | 3 4 5 6 8 9 10 11 | 11.9
Stealth        | 2 |  2.3
Armour         | 1 2 3 4 5 7 8 9 |  9.4
Fighting       | 4 5 6 7 8 9 |  9.3
Invocations    | 3 6 8 |  8.7
Shields        | 2 4 5 |  5.0
Dodging        | |  2.6

Action                   |  1- 3 |  4- 6 |  7- 9 | 10-12 || total
-------------------------+-------+-------+-------+-------++-------
Melee: Mace              |   133 |    39 |       |       ||   172
       Morningstar       |       |   208 |   131 |       ||   339
       Flail             |       |       |   475 |   532 ||  1007
       Kick              |       |       |    54 |   255 ||   309
       Great mace        |       |       |       |    91 ||    91
Invok: Heroism           |       |       |     2 |     5 ||     7
       Finesse           |       |       |       |     2 ||     2
Evoke: Wand              |       |       |     3 |       ||     3
  Use: Scroll            |     3 |     1 |     9 |     3 ||    16
       Potion            |       |     1 |     3 |     4 ||     8
 Stab: Sleeping          |     4 |       |       |     3 ||     7
       Distracted        |       |       |     1 |     1 ||     2
       Confused          |       |       |     2 |       ||     2
  Eat: Chunk             |     2 |    10 |    20 |    12 ||    44
       Fruit             |       |       |     2 |       ||     2
       Royal jelly       |       |       |     1 |     1 ||     2
       Meat ration       |       |       |       |     1 ||     1
Armor: Robe              |     6 |       |       |       ||     6
       Ring mail         |    41 |     2 |       |       ||    43
       Chain mail        |       |   171 |   308 |   386 ||   865
       Skin              |       |       |    28 |       ||    28
       Plate armour      |       |       |       |     5 ||     5
Dodge: Dodged            |   109 |   100 |   182 |   221 ||   612
Block: Buckler           |       |       |    48 |   179 ||   227
